 Dungeon Crawl Stone Soup version 0.31-a0-920-g28cbb04a8c (webtiles) character file.

Game seed: 13930520154465731690

75 Dirtsage the Ruffian (level 4, 0/40 (42) HPs)
             Began as a Troll Shapeshifter on Oct 17, 2023.
             Succumbed to Crazy Yiuf's poison
             ... on level 3 of the Dungeon.
             The game lasted 00:02:13 (1645 turns).

Dirtsage the Ruffian (Troll Shapeshifter)           Turns: 1645, Time: 00:02:14

HP:   0/40 (42)     AC:  4    Str: 24    XL:     4   Next: 11%
MP:   3/3           EV:  9    Int:  6    God:
Gold: 129           SH:  5    Dex:  9    Spells: 3/3 levels left

rFire   . .          .
                       - Unarmed
rCold   + . .        (no shield)
rNeg    . . .        a - +0 animal skin
rPois   .            (helmet currently unavailable)
rElec   .            (cloak currently unavailable)
rCorr   .            (gloves unavailable)
SInv    .            (boots unavailable)
Will    +....        p - amulet of reflection
Stlth   +            I - ring of protection from cold
HPRegen 1.06/turn    m - ring of willpower
MPRegen 0.08/turn

%: reflection
@: lethally poisoned (0 -> -5), beast-form, lightly drained
A: beast (slay +1), large, unfitting armour, claws 3, regeneration 1, shaggy fur
1, tough skin 1
a: Begin Untransformation


You were on level 3 of the Dungeon.
You were a hulking beast.
You visited 1 branch of the dungeon, and saw 3 of its levels.

You collected 129 gold pieces.

Inventory:

Armour
 a - a +0 animal skin (worn)
 f - a +0 cloak
 r - a scarf of invisibility
Jewellery
 j - an amulet of guardian spirit
 m - a ring of willpower (right claw)
 p - an amulet of reflection (around neck)
 I - a ring of protection from cold (left claw)
Talismans
 c - a beast talisman (active)
 d - a flux talisman
Scrolls
 g - 4 scrolls of identify {unknown}
 k - 2 scrolls of fog {unknown}
 l - a scroll of teleportation {unknown}
 o - a scroll of acquirement {unknown}
 q - a scroll of enchant weapon {unknown}
Potions
 b - 2 potions of lignification
 e - a potion of mutation {unknown}
 h - a potion of magic {unknown}
 i - 2 potions of curing {unknown}
 n - a potion of enlightenment {unknown}


   Skills:
 + Level 1.6 Fighting
 - Level 1.5 Dodging
 * Level 4.1 Unarmed Combat
 + Level 3.4 Shapeshifting


You had 3 spell levels left.
You didn't know any spells.
Your spell library contained the following spells:

 Spells                   Type           Power      Damage    Failure   Level
 Slow                     Hex            0%         N/A       45%         1
 Confusing Touch          Hex            0%         N/A       83%         3
 Sigil of Binding         Hex            0%         N/A       83%         3
 Vampiric Draining        Necr           0%         2d6       83%         3


Dungeon Overview and Level Annotations

Branches:
Dungeon (3/15)

Altars:

Annotations:
D:3 Crazy Yiuf


Innate Abilities, Weirdness & Mutations

You are a hulking beast.
Your limbs bulge with bestial killing power. (Slay +1)
You are too large for most types of armour.
You have claws for hands.
Your natural rate of healing is unusually fast.
You are covered in fur. (AC +1)
You have tough skin. (AC +1)


Message History

The fungus is lightly damaged.
You claw the fungus!
The fungus is lightly damaged.
You scratch the fungus.
The fungus is lightly damaged.
You scratch the fungus.
The fungus is lightly damaged.
You claw the fungus!
The fungus is moderately damaged.
You completely miss the fungus.
The fungus is moderately damaged.
A nearby fungus withers and dies.
Found a hammer.
Found a runed translucent door.
Crazy Yiuf shouts!
Crazy Yiuf cries, "Race!
Race chair dark."
As you open the door, it creaks loudly!
You barely miss Crazy Yiuf.
Crazy Yiuf whimpers, "Cholesterol!
Ten snail snail."
Crazy Yiuf hits you with a +4 quarterstaff of chaos!
You take 12 damage, and have 30/42 hp.
MASSIVE DAMAGE!!
You completely miss Crazy Yiuf.
Crazy Yiuf hits you with a +4 quarterstaff of chaos!
You feel drained.
You take 13 damage, and have 17/40 hp.
MASSIVE DAMAGE!!
You barely miss Crazy Yiuf. You block Crazy Yiuf's attack.
You scratch Crazy Yiuf but do no damage.
Crazy Yiuf grits, "Castle!"
Crazy Yiuf hits you with a +4 quarterstaff of chaos!
* * * LOW HITPOINT WARNING * * *
You are lethally poisoned!
You take 13 damage, and have 5/40 hp.
MASSIVE DAMAGE!!
You scratch Crazy Yiuf.
Crazy Yiuf is lightly wounded.
* * * LOW HITPOINT WARNING * * *
You feel very sick. Crazy Yiuf closely misses you.
You take 3 damage, and have 2/40 hp.
You closely miss Crazy Yiuf.
Crazy Yiuf is lightly wounded.
You die...

##..#####...........
#....# ############
♣.P.P♣ ♣.♣P♣♣
######### ♣♣.♣♣
#.......# ♣.♣♣
#.......# ♣♣.♣
#.......# # ♣.♣♣
#.......#### ♣♣h♣
#..[........ #g#
#.......#### ...
#.......#### #...#
#.##......## #..)#
#.......#.## #####
#.####..#.##
#...........
#....##.#.##
#.##.##.....


You could see Crazy Yiuf.

Vanquished Creatures
  4 adders
  2 dart slugs (D:3)
  2 bats
  6 endoplasms
  2 goblins
  3 hobgoblins
  A quokka (D:2)
  3 ball pythons
  2 frilled lizards (D:1)
  5 kobolds
  5 rats
35 creatures vanquished.

Notes
Turn   | Place    | Note
-------+----------+-------------------------------------------
     0 | D:1      | Dirtsage the Troll Shapeshifter began the quest for the
                  | Orb.
     0 | D:1      | Reached XP level 1. HP: 18/18 MP: 0/0
   104 | D:1      | Reached skill level 1 in Fighting
   243 | D:1      | Reached XP level 2. HP: 27/27 MP: 1/1
   850 | D:2      | Reached XP level 3. HP: 30/33 MP: 0/2
  1068 | D:3      | Reached skill level 4 in Unarmed Combat
  1515 | D:3      | Reached XP level 4. HP: 42/42 MP: 3/3
  1526 | D:3      | Identified the +1 leather armour of Zin's Approval {Dex+2}
  1635 | D:3      | Found a runed translucent door.
  1636 | D:3      | Noticed Crazy Yiuf
  1644 | D:3      | HP: 2/40 [poisoned by Crazy Yiuf]
  1645 | D:3      | Succumbed to Crazy Yiuf's poison

Illustrated notes

Levels and vault maps discovered:
D:1:      heliophobic_arrival_ceremonial_halls, layout_rooms,
          minmay_misc_feat_ornament, kennysheep_small_spiral
D:2:      layout_rooms
D:3:      layout_loops_cross, minmay_fractal_squares_gapless_5,
          uniq_crazy_yiuf_cottage

Skill      XL: |  1  2  3 |
---------------+----------+-----
Fighting       | 1 |  1.6
Unarmed Combat | 4 |  4.1
Dodging        | |  1.5
Shapeshifting  | |  3.4

Action                     |  1- 3 |  4- 6 || total
---------------------------+-------+-------++-------
  Melee: Unarmed           |    66 |    17 ||    83
         Punch             |     2 |     1 ||     3
   Stab: Sleeping          |     1 |       ||     1
 Armour: Animal skin       |    32 |     3 ||    35
  Dodge: Dodged            |    18 |     1 ||    19
  Block: Other             |     1 |     1 ||     2

Table legend: (Time is in decaauts)
 A = Elapsed time spent in this place.
 B = Non-inter-level travel time spent in this place.
 C = Inter-level travel time spent in this place.
 D = Time resting spent in this place.
 E = Time spent auto-exploring this place.
 F = Levels seen in this place.
 G = Mean time per level.
                   A        B        C        D        E       F      G
               +--------+--------+--------+--------+--------+-----+--------+
         Total |   1637 |   1617 |     20 |      0 |   1393 |   3 |  545.7 |
       Dungeon |   1637 |   1617 |     20 |      0 |   1393 |   3 |  545.7 |
               +--------+--------+--------+--------+--------+-----+--------+

Top non-repeatable levels by time:
     D:3: 732 daAuts
     D:1: 535 daAuts
     D:2: 369 daAuts
